 Dungeon Crawl Stone Soup version 0.22.1-1-ga44c0e56f4 (webtiles) character file.

224 Cykl0x the Shield-Bearer (level 6, 0/38 HPs)
             Began as a Gargoyle Fighter on Nov 9, 2018.
             Slain by an ogre
             ... wielding a +0 giant club
              (15 damage)
             ... on level 4 of the Dungeon.
             The game lasted 00:07:08 (2731 turns).

Cykl0x the Shield-Bearer (Gargoyle Fighter)         Turns: 2731, Time: 00:07:09

Health: 0/38       AC: 15    Str: 20    XL:     6   Next: 0%
Magic:  6/6        EV:  6    Int: 10    God:
Gold:   159        SH: 10    Dex: 11    Spells: 5/5 levels left

rFire    . . .     SeeInvis .   a - +0 war axe
rCold    . . .     Gourm    .   c - +1 shield
rNeg     + . .     Faith    .   g - +0 chain mail
rPois    ∞         Spirit   .   (no helmet)
rElec    +         Reflect  .   h - +0 cloak
rCorr    .         Harm     .   (no gloves)
MR       .....                  (no boots)
Stlth    ..........             (no amulet)
HPRegen  0.12/turn              k - +2 ring of intelligence
MPRegen  0.10/turn              n - ring of wizardry

@: no status effects
A: negative energy resistance 1, electricity resistance, unbreathing,
petrification resistance, rot immunity, AC +4
a: no special abilities


You were on level 4 of the Dungeon.
You were not hungry.

You visited 1 branch of the dungeon, and saw 4 of its levels.

You collected 159 gold pieces.

Inventory:

Hand Weapons
 a - a +0 war axe (weapon)
Missiles
 m - 2 tomahawks (quivered)
Armour
 c - a +1 shield (worn)
 g - a +0 chain mail (worn)
 h - a +0 cloak (worn)
Jewellery
 k - a +2 ring of intelligence (left hand)
 n - a ring of wizardry (right hand)
Scrolls
 b - a scroll of identify
 e - a scroll of magic mapping
Potions
 d - 3 potions of might
 i - a potion of berserk rage
 j - a potion of haste
 l - 2 potions of lignification
 o - a potion of brilliance {unknown}
 p - a potion of flight {unknown}
Comestibles
 f - 11 rations


   Skills:
 + Level 4.1 Fighting
 + Level 3.4 Axes
 + Level 4.1 Armour
 + Level 1.4 Dodging
 + Level 0.1 Stealth
 + Level 4.2 Shields


You had 5 spell levels left.
You didn't know any spells.
Your spell library was empty.

Dungeon Overview and Level Annotations

Branches:
Dungeon (4/15)             Temple (0/1) D:4

Altars:
Trog

Annotations:
D:4 Grinder


Innate Abilities, Weirdness & Mutations

You are resistant to torment.
Your stone body is resilient. (AC +4)
You are immune to poison.
You resist negative energy. (rN+)
You are resistant to electric shocks. (rElec)
You can survive without breathing.
You are immune to petrification.
You are immune to rotting.


Message History

The worker ant bites you.
You hit the worker ant.
The worker ant is almost dead.
The worker ant bites you but does no damage.
Grinder blinks!
The worker ant bites you but does no damage.
You hit the worker ant.
You kill the worker ant!
You have reached level 6!
Your experience leads to an increase in your attributes!
Your base attributes are Str 20, Int 8, Dex 10.
Increase (S)trength, (I)ntelligence, or (D)exterity?
You feel agile.
You slash the ogre!
The ogre is heavily wounded.
The ogre hits you with a giant club! x2
You slash the ogre!
The ogre is almost dead.
The ogre hits you with a giant club!
You die...

**,,,,,,,,**,,,* #.....# *
**,,,*,,,,,,,,,* ###.#)### **
,*,,,<,,,,,**,** #.)...#**,
,*,,,,,,,,,**,* #.#......,
,,,,,,,,,,,**,* #.#[.....,
*,,,,,,,,,,**,*#########.#,.....,
*,,**********,*#.........#*.....,
,,,,* *,,,,,,*#.#########*,....,
**,,* *,,**,,*#@# *** *,....*
,*,,** *,,*#,,*#O# *,* ***,*,*
,*,,,***,.##..##l###.###*****,*,*
,+,,,,,,,.......5.......,,,**,*,*
,**,,,,,,.....=......###*****,*,*
,,,,,,,,,..##.....#..#*******,*,*
,**,*,,*,,,.............,,,,,,,,,
,**,**,*,..##...........,,,****,*
,**,**,*,.,*#.........##*,,****,*


You could see Grinder, an ogre and a frilled lizard.

Vanquished Creatures
  A bullfrog zombie (D:3)
  A worker ant (D:4)
  3 gnolls (D:2)
  5 adders
  2 oozes
  3 worms
  2 dart slugs (D:1)
  A leopard gecko (D:3)
  4 giant cockroaches
  11 goblins
  5 hobgoblins
  8 jackals
  10 kobolds
  4 quokkas
  2 ball pythons
  3 bats
  4 frilled lizards
  8 rats
77 creatures vanquished.

Notes
Turn   | Place    | Note
-------+----------+-------------------------------------------
     0 | D:1      | Cykl0x the Gargoyle Fighter began the quest for the Orb.
     0 | D:1      | Reached XP level 1. HP: 14/14 MP: 1/1
    83 | D:1      | Reached XP level 2. HP: 18/19 MP: 2/2
   299 | D:1      | Reached XP level 3. HP: 24/24 MP: 3/3
   851 | D:2      | Reached XP level 4. HP: 20/29 MP: 4/4
  1783 | D:3      | Reached XP level 5. HP: 33/33 MP: 5/5
  1976 | D:3      | Reached skill level 1 in Dodging
  2199 | D:3      | Found a bloodstained altar of Trog.
  2714 | D:4      | Noticed Grinder
  2716 | D:4      | Noticed an ogre
  2729 | D:4      | Reached XP level 6. HP: 37/38 MP: 6/6
  2731 | D:4      | Slain by an ogre

Skill      XL: |  1  2  3  4  5 |
---------------+----------------+-----
Axes           | 2 3 |  3.4
Armour         | 4 |  4.1
Fighting       | 4 |  4.1
Shields        | 4 |  4.2
Dodging        | 1 |  1.4
Stealth        | |  0.1

Action                   |  1- 3 |  4- 6 || total
-------------------------+-------+-------++-------
Melee: War axe           |    82 |   189 ||   271
  Use: Scroll            |     4 |     7 ||    11
  Eat: Chunk             |       |     6 ||     6
Armor: Scale mail        |    42 |    83 ||   125
       Chain mail        |       |    21 ||    21
Dodge: Dodged            |    32 |    60 ||    92
Block: Shield            |    62 |   119 ||   181
